 Dungeon Crawl Stone Soup version 0.15.1-1-gfacfea3 (webtiles) character file.

22276 Kex the Nimble (level 12, -28/104 HPs)
             Began as a Green Draconian Transmuter on Sept 27, 2014.
             Was the Champion of Dithmenos.
             Annihilated by an ettin
             ... wielding a +0 dire flail
              (37 damage)
             ... on Level 3 of the Orcish Mines.
             The game lasted 02:34:35 (18673 turns).

Kex the Nimble (Green Draconian Transmuter)        Turns: 18673, Time: 02:34:35

HP -28/104       AC 17     Str 10      XL: 12   Next: 61%
MP  20/27        EV 19     Int 15      God: Dithmenos [******]
Gold 428         SH  0     Dex 16      Spells:  7 memorised,  1 level left

rFire  + + .     SeeInvis .     B - +3 cutlass of Trauma {slice, *Rage rF++ MR+}
rCold  . . .     Rnd*Rage +     (armour unavailable)
rNeg   + . .     rCorr    .     (no shield)
rPois  +         rRot     .     (helmet restricted)
rElec  .         Spirit   .     p - +2 cloak
SustAb .         Warding  +     q - +2 pair of gloves
rMut   .         Stasis   .     L - +2 pair of boots
Gourm  .                        u - amulet of warding
MR     +....                    H - ring of invisibility
                                l - ring of regeneration

@: very slightly contaminated, wreathed by umbra, somewhat resistant to hostile
enchantments, very stealthy
A: breathe noxious fumes, unfitting armour, poison resistance, weak 1,
cold-blooded, AC +8
a: Breathe Noxious Fumes, Shadow Step, Shadow Form, Renounce Religion, Evoke
Invisibility


You were on level 3 of the Orcish Mines.
You worshipped Dithmenos.
Dithmenos was exalted by your worship.
You were not hungry.

You visited 3 branches of the dungeon, and saw 17 of its levels.
You also visited: Sewer and Ice Cave.

You collected 1223 gold pieces.
You spent 795 gold pieces at shops.

Inventory:

Hand weapons
 b - a +5 demon whip of electrocution
 B - the +3 cutlass of Trauma (weapon) {slice, *Rage rF++ MR+}
   (You found it on level 9 of the Dungeon)

   It inflicts extra damage upon your enemies.
   It greatly protects you from fire.
   It affects your resistance to hostile enchantments.
   It may make you go berserk in combat.
Missiles
 y - 6 poisoned arrows
Armour
 p - a +2 cloak (worn)
 q - a +2 pair of gloves (worn)
 L - a +2 pair of boots (worn)
Magical devices
 C - a wand of digging (13)
 Q - a wand of paralysis (8)
Comestibles
 a - 9 bread rations
 d - 2 rotting chunks of orc flesh
 j - 5 beef jerkies
 k - 6 meat rations
 t - 3 chunks of orc flesh
 x - 3 slices of pizza
 z - 2 chunks of orc flesh
 A - 4 chunks of orc flesh
Scrolls
 e - a scroll of immolation {unknown}
 f - 2 scrolls of recharging
 g - a scroll of blinking {unknown}
 o - 5 scrolls of remove curse
 r - 5 scrolls of teleportation
 v - a scroll of noise {unknown}
 w - 2 scrolls of fog
 E - 2 scrolls of random uselessness {unknown}
 J - 2 scrolls of enchant weapon {unknown}
 N - a scroll of vulnerability {unknown}
 T - a scroll of enchant armour
Jewellery
 l - a ring of regeneration (left hand)
 u - an amulet of warding (around neck)
 F - an uncursed amulet of the gourmand
 H - a ring of invisibility (right hand)
Potions
 c - 7 potions of curing
 h - a potion of cancellation
 i - a potion of heal wounds
 m - a potion of might
 n - a potion of agility
 s - 4 potions of brilliance
 K - 2 potions of flight
 M - 2 potions of restore abilities {unknown}
 O - 2 potions of poison {unknown}
Books
 U - a book of Annihilations {highlevel, unknown}

   This book is beyond your current level of understanding.

   Spells                             Type                      Level
   Poison Arrow                       Conjuration/Poison           6
   Chain Lightning                    Conjuration/Air              8
   Lehudib's Crystal Spear            Conjuration/Earth            8
   Glaciate                           Conjuration/Ice              9
   Fire Storm                         Conjuration/Fire             9


   Skills:
 + Level 9.1 Fighting
 + Level 3.8 Short Blades
 + Level 10.5 Dodging
 * Level 7.0 Stealth
 + Level 7.0 Unarmed Combat
 + Level 7.1 Spellcasting
 * Level 10.0 Transmutations
 - Level 0.2 Ice Magic
 * Level 3.2 Poison Magic
 + Level 0.2 Evocations


You had one spell level left.
You knew the following spells:

 Your Spells              Type           Power        Failure   Level  Hunger
a - Beastly Appendage     Trmt           #####.       1%          1    None
b - Spider Form           Trmt/Pois      ####......   2%          3    ##.....
c - Blade Hands           Trmt           #####.....   8%          5    #####..
d - Ice Form              Ice/Trmt       ###.....     21%         4    ####...
e - Poisonous Cloud       Conj/Pois/Air  #.........   100%        6    #######
f - Stoneskin             Trmt/Erth      ###.....     2%          2    None
g - Passwall              Trmt/Erth      ###.......   6%          3    ##.....


Dungeon Overview and Level Annotations

Branches:
Dungeon (12/15)            Temple (1/1) D:7             Orc (4/4) D:12
   Lair (0/8) D:8
    Elf: Orc:3-4

Altars:
Ashenzari
Cheibriados
Dithmenos
Fedhas
Kikubaaqudgha
Makhleb
Nemelex Xobeh
Okawaru
Qazlal
Sif Muna
Trog
Xom
Yredelemnul
Zin
The Shining One
Beogh

Shops:
D:5 ?   D:6 (   D:10 [   Orc:2 }:

Portals:
Trove: D:11 (give 14 scrolls of teleportation)

Annotations:
D:7 exclusion: oklob plant
Orc:2 Nergalle


Innate Abilities, Weirdness & Mutations

You can breathe blasts of noxious fumes.
Your lurid green scales are hard (AC +8).
Your body does not fit into most forms of armour.
Your system is resistant to poisons.
Your cold-blooded metabolism reacts poorly to cold.
You are weak. (Str -2)


Message History

The ettin is severely wounded.
Your shadow hits the ettin but does no damage.
The ettin hits you with a dire flail! The ettin hits you with a dire flail!!!
* * * LOW HITPOINT WARNING * * *
You emit a cloud of dark smoke.
The ettin barely misses you. The ettin closely misses you.
You climb upwards.
There is a stone staircase leading down, spattered with blood here.
Things that are here:
a leather armour; a club
Things that are here:
a glowing chain mail; a war axe; an orc skeleton Your hands revert to their normal proportions.
The +3 cutlass of Trauma {slice, *Rage rF++ MR+} unmelds from your body.
Your +2 pair of gloves unmelds from your body.
Read which item? (? for menu, Esc to quit)
As you read the scroll of summoning, it crumbles to dust.
Wisps of shadow whirl around you... The ettin barely misses you.
The ettin hits you with a dire flail!!!
You die...

###.###....#.....[.....# #..≈.≈≈.
#...#.............[[)## ##.≈≈≈..
##..................<>####..≈≈≈≈.
.#...................[##....≈≈.≈.
..#.......>......................
.#...#..............oo....#...#..
.#.............g......#####.####.
..#....)........C..o...## ### ##
...#....<.......@.o).)#.## #
...#............oo#..)(#.### ###
#..................##)#....####..
##.#.).....#.#.....#.[).....##.#.
##.##......####...##.....#..#....
#...##....#.##....###.#..........
##.####.##.........###...#.....#.
### #####.......## #...##...#).
##)###### ##........#.


You could see an ettin, 2 friendly orc wizards, 4 friendly orcs and a friendly
goblin.

Vanquished Creatures
  Fannar (D:11)
  Nessos (Orc:3)
  Erica (Orc:3)
  An ice devil (IceCv)
  An unseen horror (D:12)
  2 ice statues (IceCv)
  A manticore (D:11)
  3 orc knights
  An ugly thing (D:12)
  A cyclops (D:12)
  A komodo dragon (D:7)
  4 blue devils (IceCv)
  2 two-headed ogres
  A troll (Orc:2)
  Prince Ribbit (D:6)
  3 slime creatures (D:12)
  4 deep elf magi
  2 wyverns
  9 yaks
  3 hippogriffs
  A human (D:7)
  Grum (D:12)
  A hungry ghost (D:8)
  A steam dragon (D:8)
  2 wolves (D:12)
  A mottled dragon (D:12)
  A phantom (D:4)
  2 water moccasins (D:8)
  A yellow wasp (D:5)
  7 ice beasts
  A necrophage (D:11)
  3 sky beasts
  5 ogres
  23 orc warriors
  11 centaurs
  Sigmund (D:2)
  Duvessa (D:4)
  4 giant frogs
  Blork the orc (D:8)
  3 big kobolds
  An eye of draining (D:12)
  A wyvern skeleton (D:11)
  2 scorpions
  A troll skeleton (D:9)
  Dowan (D:4)
  7 crimson imps
  20 orc priests
  A giant frog zombie (D:12)
  12 wights
  2 iguanas
  A jelly (D:12)
  A centaur skeleton (D:5)
  An elf zombie (D:9)
  4 hounds
  45 orc wizards
  7 sheep
  9 worker ants
  A killer bee zombie (D:7)
  Ijyb (D:2)
  2 ogre zombies
  A big kobold skeleton (D:5)
  17 gnolls
  5 green rats (Sewer)
  29 adders
  An orc skeleton (D:4)
  A shadow imp (D:7)
  7 giant mites
  19 white imps
  A worm (D:3)
  6 ufetubi (IceCv)
  An adder zombie (D:8)
  8 giant geckos
  150 orcs
  4 ball pythons
  A bat skeleton (D:4)
  13 giant cockroaches
  2 gnoll zombies (D:9)
  14 hobgoblins
  9 jackals
  41 kobolds
  3 oozes
  9 quokkas
  24 bats
  4 giant newts
  A giant spore (D:10)
  16 goblins
  A hobgoblin skeleton (D:7)
  A jackal skeleton (D:6)
  A kobold zombie (D:7)
  59 rats
  A ballistomycete (D:10)
684 creatures vanquished.

Vanquished Creatures (others)
  A deep elf mage (D:9)
  A hound (D:9)
  A white imp (IceCv)
  3 ufetubi (IceCv)
  2 orcs (Orc:3)
  A goblin (Orc:3)
  A plant (D:8)
10 creatures vanquished.

Grand Total: 694 creatures vanquished

Notes
Turn   | Place    | Note
--------------------------------------------------------------
     0 | D:1      | Kex, the Draconian Transmuter, began the quest for the Orb.
     0 | D:1      | Reached XP level 1. HP: 16/16 MP: 3/3
   203 | D:1      | Reached XP level 2. HP: 23/23 MP: 2/4
   638 | D:1      | Reached XP level 3. HP: 28/28 MP: 6/6
   786 | D:2      | Noticed Sigmund
   799 | D:2      | Killed Sigmund
   799 | D:2      | Reached skill level 1 in Short Blades
   799 | D:2      | Reached XP level 4. HP: 33/35 MP: 7/7
   829 | D:2      | Noticed Ijyb
   841 | D:2      | Killed Ijyb
   932 | D:2      | Reached XP level 5. HP: 38/41 MP: 6/9
  1351 | D:2      | Found an ancient bone altar of Kikubaaqudgha.
  1353 | D:2      | Found a blossoming altar of Fedhas.
  1537 | D:3      | Found a glowing drain.
  1664 | Sewer    | Entered a sewer
  2108 | Sewer    | Reached XP level 6. HP: 38/49 MP: 11/11
  2644 | Sewer    | Reached skill level 4 in Dodging
  2941 | D:3      | Learned a level 3 spell: Spider Form
  3705 | D:4      | Your scales start taking on a lurid green colour.
  3705 | D:4      | Gained mutation: Your system is resistant to poisons. [draconian maturity]
  3705 | D:4      | Reached XP level 7. HP: 49/56 MP: 14/14
  3880 | D:4      | Reached skill level 1 in Stealth
  4368 | D:4      | Noticed Duvessa
  4393 | D:4      | Killed Duvessa
  4393 | D:4      | Reached skill level 5 in Dodging
  4412 | D:4      | Noticed Dowan
  4429 | D:4      | Killed Dowan
  4767 | D:5      | Entered Level 5 of the Dungeon
  4915 | D:5      | Reached skill level 6 in Dodging
  4915 | D:5      | Reached XP level 8. HP: 53/63 MP: 16/16
  5163 | D:5      | Found Wigaox's Magic Scroll Emporium.
  5174 | D:5      | Bought a scroll of identify for 22 gold pieces
  5174 | D:5      | Bought a scroll of identify for 22 gold pieces
  5536 | D:5      | Reached skill level 5 in Transmutations
  6020 | D:6      | Noticed Prince Ribbit
  6038 | D:6      | Killed Prince Ribbit
  6038 | D:6      | Reached skill level 7 in Dodging
  6233 | D:6      | Found Duakyos' Weapon Shop.
  6277 | D:6      | Reached XP level 9. HP: 64/71 MP: 16/18
  7126 | D:7      | Found a staircase to the Ecumenical Temple.
  7341 | D:7      | Reached skill level 8 in Dodging
  7629 | D:7      | Noticed an oklob plant
  8116 | D:7      | Reached skill level 5 in Fighting
  8201 | Temple   | Entered the Ecumenical Temple
  8286 | Temple   | Learned a level 5 spell: Blade Hands
  8299 | Temple   | Became a worshipper of Dithmenos the Shadowed
  8355 | D:8      | Noticed Blork the orc
  8375 | D:8      | Killed Blork the orc
  8471 | D:8      | Found a staircase to the Lair.
  8476 | D:8      | Noticed a komodo dragon
  8518 | D:7      | Killed a komodo dragon
  8518 | D:7      | Reached skill level 1 in Poison Magic
  8769 | D:8      | Reached XP level 10. HP: 78/81 MP: 15/21
  9318 | D:8      | Learned a level 4 spell: Ice Form
  9802 | D:9      | Reached skill level 5 in Spellcasting
  9931 | D:9      | Gained mutation: Your tail ends in a poisonous barb. [mutagenic glow]
  9951 | D:9      | Gained mutation: Potions and wands are less effective at restoring your health. [mutagenic glow]
  9985 | D:9      | Gained mutation: You are clumsy. (Dex -2) [mutagenic glow]
 10075 | D:9      | Found a basalt altar of Yredelemnul.
 10221 | D:9      | Reached skill level 5 in Unarmed Combat
 10273 | D:9      | Acquired Dithmenos' first power
 10437 | D:9      | Got a dazzling cutlass
 10438 | D:9      | Identified the +3 cutlass of Trauma {slice, *Rage rF++ MR+} (You found it on level 9 of the Dungeon)
 10683 | D:9      | Reached skill level 9 in Dodging
 11120 | D:10     | Entered Level 10 of the Dungeon
 11278 | D:10     | Learned a level 4 spell: Petrify
 11323 | D:10     | Found Ecaerrul's Antique Armour Shop.
 11332 | D:10     | Bought a pair of glowing boots for 121 gold pieces
 12035 | D:10     | Gained mutation: Your vision is a little blurry. [miscasting Blade Hands]
 12036 | D:10     | Lost mutation: Potions and wands are less effective at restoring your health. [miscasting Blade Hands]
 12064 | D:10     | Gained mutation: You are frail (-10% HP). [mutagenic glow]
 12092 | D:9      | Lost mutation: Your tail ends in a poisonous barb. [potion of cure mutation]
 12092 | D:9      | Lost mutation: You are clumsy. (Dex -2) [potion of cure mutation]
 12092 | D:9      | Lost mutation: You are frail (-10% HP). [potion of cure mutation]
 12092 | D:9      | Lost mutation: Your vision is a little blurry. [potion of cure mutation]
 12115 | D:9      | Gained mutation: You are weak. (Str -2) [mutagenic glow]
 12137 | D:9      | Gained mutation: You are clumsy. (Dex -2) [mutagenic glow]
 12166 | D:9      | Gained mutation: Your magical capacity is low (-10% MP). [mutagenic glow]
 12214 | D:9      | Gained mutation: Your body is misshapen. [mutagenic glow]
 12235 | D:9      | Gained mutation: Your magical capacity is very low (-20% MP). [mutagenic glow]
 12277 | D:9      | Gained mutation: You are very weak. (Str -4) [mutagenic glow]
 12327 | D:9      | Gained mutation: Your tail ends in a poisonous barb. [mutagenic glow]
 12374 | D:9      | Lost mutation: Your magical capacity is very low (-20% MP). [potion of cure mutation]
 12374 | D:9      | Lost mutation: Your tail ends in a poisonous barb. [potion of cure mutation]
 12374 | D:9      | Lost mutation: Your magical capacity is low (-10% MP). [potion of cure mutation]
 12374 | D:9      | Lost mutation: Your body is misshapen. [potion of cure mutation]
 12374 | D:9      | Lost mutation: You are very weak. (Str -4) [potion of cure mutation]
 12374 | D:9      | Lost mutation: You are clumsy. (Dex -2) [potion of cure mutation]
 12790 | D:11     | Noticed Fannar
 12818 | D:11     | Killed Fannar
 12818 | D:11     | Reached XP level 11. HP: 37/91 MP: 17/24
 12971 | D:11     | Acquired Dithmenos' second power
 13063 | D:11     | Noticed a manticore
 13074 | D:11     | Killed a manticore
 13530 | D:11     | Found a portal to a secret trove of treasure.
 13987 | D:12     | Reached skill level 5 in Stealth
 13994 | D:12     | Noticed Grum
 14025 | D:12     | Killed Grum
 14138 | D:12     | Acquired Dithmenos' third power
 14304 | D:12     | Killed an unseen horror
 14478 | D:12     | Found a staircase to the Orcish Mines.
 14824 | D:12     | Learned a level 2 spell: Stoneskin
 14828 | D:12     | Learned a level 3 spell: Passwall
 15040 | Orc:1    | Entered Level 1 of the Orcish Mines
 15040 | Orc:1    | Found a frozen archway.
 15084 | IceCv    | Entered an ice cave
 15162 | IceCv    | Noticed an ice statue
 15162 | IceCv    | Noticed an ice statue
 15247 | IceCv    | Killed an ice statue
 15262 | IceCv    | Killed an ice statue
 15303 | IceCv    | Reached skill level 10 in Dodging
 15308 | IceCv    | Reached XP level 12. HP: 101/103 MP: 26/26
 15400 | IceCv    | HP: 3/123 [blue devil (10)]
 15402 | IceCv    | Acquired Dithmenos' fourth power
 15595 | IceCv    | Noticed an ice devil
 15609 | IceCv    | Killed an ice devil
 16231 | Orc:2    | Found Fegub's Gadget Shop.
 16284 | Orc:2    | Found Thaho's Book Shop.
 17258 | Orc:2    | Found a roughly hewn altar of Beogh.
 17336 | Orc:2    | Bought a book of Clouds for 630 gold pieces
 17345 | Orc:2    | Learned a level 6 spell: Poisonous Cloud
 17353 | Orc:3    | Noticed Erica
 17353 | Orc:3    | Noticed Nessos
 17355 | Orc:3    | Noticed Nergalle
 17974 | Orc:3    | Killed Nessos
 18048 | Orc:3    | Killed Erica
 18506 | Orc:4    | Entered Level 4 of the Orcish Mines
 18525 | Orc:3    | Reached skill level 10 in Transmutations
 18620 | Orc:4    | Noticed an ettin
 18664 | Orc:4    | HP: 3/104 [ettin/dire flail (37)]
 18673 | Orc:3    | Annihilated by an ettin

Action                   |  1- 3 |  4- 6 |  7- 9 | 10-12 || total
-------------------------+-------+-------+-------+-------++-------
Melee: Unarmed           |    15 |     4 |    56 |   885 ||   960
       Dagger            |    66 |   366 |   612 |       ||  1044
       Cutlass           |       |       |       |   291 ||   291
 Cast: Beastly Appendage |    14 |    51 |    86 |     7 ||   158
       Spider Form       |       |     1 |     1 |     2 ||     4
       Blade Hands       |       |       |     8 |    89 ||    97
       Ice Form          |       |       |       |     8 ||     8
       Passwall          |       |       |       |     3 ||     3
       Stoneskin         |       |       |       |     1 ||     1
Invok: Shadow Step       |       |       |       |     1 ||     1
 Abil: Breathe Noxious F |       |       |    19 |    23 ||    42
Evoke: Wand              |       |       |     2 |     5 ||     7
  Use: Scroll            |       |     5 |    12 |    10 ||    27
       Potion            |       |     2 |     2 |    11 ||    15
 Stab: Confused          |       |       |     7 |    14 ||    21
       Sleeping          |       |       |     5 |    12 ||    17
       Distracted        |       |       |       |     1 ||     1
       Paralysed         |       |       |       |     6 ||     6
  Eat: Chunk             |       |    11 |    27 |    70 ||   108
       Fruit             |       |       |       |     9 ||     9
       Pizza             |       |       |       |     5 ||     5
       Meat ration       |       |       |       |     1 ||     1
